[Event "Titled Tuesday Blitz January 10 Late 2023"]
[White "Djokic, Mihailo"]
[Black "Vachier-Lagrave, Maxime"]
[WhiteFideId "976440"]
[BlackFideId "623539"]
[WhiteElo "2192"]
[BlackElo "2742"]
[Result "0-1"]
[Round "04"]
[TimeControl "180+2"]
[Date "2023.01.10"]
[WhiteClock "0:00:02"]
[BlackClock "0:00:24"]

1. e4 c5 2. Nf3 Nc6 3. d4 cxd4 4. Nxd4 Nf6 5. Nc3 e5 6. Ndb5 d6 7. Bg5 a6 8. Bxf6 gxf6 9. Na3 b5 10. Nd5 Bg7 11. c3 f5 12. exf5 Bxf5 13. Nc2 O-O 14. Nce3 Be6 15. Bd3 f5 16. Qh5 e4 17. Bc2 Ne5 18. Rd1 Kh8 19. Nf4 Bxa2 20. Nxf5 Bf7 21. Qh3 Qg5 22. Bxe4 Qxf4 23. Bxa8 Be6 24. Bd5 Rxf5 25. O-O Bxd5 26. Rxd5 Nf3+ 27. gxf3 Rxd5 28. Re1 Re5 29. Qc8+ Qf8 30. Qxf8+ Bxf8 31. Ra1 Re2 32. b4 Rc2 33. Rxa6 Rxc3 34. Rb6 Rxf3 35. Rxb5 Rb3 36. Rb8 Kg7 37. b5 Kf7 38. b6 Be7 39. b7 Ke6 40. Kg2 h5 41. h4 d5 42. Kf1 Ke5 43. Ke2 d4 44. f3 d3+ 45. Ke3 Bc5+ 46. Kd2 Kf4 47. Re8 Bb4+ 48. Kc1 d2+ 49. Kc2 Rc3+ 50. Kb2 Bd6 51. Kxc3 d1=Q 52. Rd8 Be5+ 0-1


[Site "https://www.chess.com"]

[Event "Titled Tuesday Blitz January 10 Late 2023"]
[White "Sarana, Alexey"]
[Black "Mladek, Richard"]
[WhiteFideId "24133795"]
[BlackFideId "386588"]
[WhiteElo "2685"]
[BlackElo "2436"]
[Result "1-0"]
[Round "04"]
[TimeControl "180+2"]
[Date "2023.01.10"]
[WhiteClock "0:01:18"]
[BlackClock "0:00:09"]

1. e4 e5 2. Nf3 Nc6 3. Bb5 a6 4. Ba4 Nf6 5. O-O Nxe4 6. d4 b5 7. Bb3 d5 8. dxe5 Be6 9. c3 Be7 10. Nd4 Qd7 11. f4 Nxd4 12. cxd4 c5 13. Be3 c4 14. Bc2 f5 15. exf6 Nxf6 16. f5 Bf7 17. Nd2 Bd6 18. Nf3 Qc7 19. Ne5 Bxe5 20. dxe5 Qxe5 21. Bd4 Qd6 22. Re1+ Kd7 23. Qd2 Rhe8 24. Qg5 Rxe1+ 25. Rxe1 Re8 26. Rf1 Qf8 27. h3 h6 28. Qg3 Ne4 29. Qxg7 Qxg7 30. Bxg7 Ng3 31. Rf3 Ne2+ 32. Kf2 d4 33. Bxh6 Bd5 34. Ra3 b4 35. Rxa6 Bc6 36. Rxc6 Kxc6 37. Ba4+ Kc7 38. Bxe8 c3 39. bxc3 Nxc3 40. Bf7 1-0


[Site "https://www.chess.com"]

[Event "Titled Tuesday Blitz January 10 Late 2023"]
[White "Keymer, Vincent"]
[Black "Hamitevici, Vladimir"]
[WhiteFideId "12940690"]
[BlackFideId "13902393"]
[WhiteElo "2700"]
[BlackElo "2496"]
[Result "1-0"]
[Round "04"]
[TimeControl "180+2"]
[Date "2023.01.10"]
[WhiteClock "0:00:06"]
[BlackClock "0:00:03"]

1. a3 g6 2. Nf3 Bg7 3. d4 d5 4. c4 c6 5. cxd5 cxd5 6. Nc3 Nc6 7. Bf4 Nf6 8. e3 O-O 9. h3 Bf5 10. Be2 Rc8 11. O-O Ne4 12. Rc1 Na5 13. Nxe4 Bxe4 14. Nd2 Bf5 15. Qa4 Nc6 16. Nb3 Qb6 17. Qb5 e5 18. dxe5 Qxb5 19. Bxb5 Nxe5 20. Nd4 Bd3 21. Rxc8 Rxc8 22. Rd1 Bxb5 23. Nxb5 a6 24. Nd6 Rc2 25. Rxd5 Nc6 26. Nxb7 Bxb2 27. a4 Rc1+ 28. Kh2 Rc4 29. Rc5 Rxc5 30. Nxc5 a5 31. Bd6 f5 32. Kg3 Kf7 33. Kf3 Ba3 34. Ke2 Bxc5 35. Bxc5 Ke6 36. Kd3 Kd5 37. Bb6 Ne5+ 38. Kc3 Nc4 39. Bd8 Kc5 40. Be7+ Kd5 41. Bf6 Nb6 42. Kb3 h5 43. f3 Nd7 44. Bd4 f4 45. Kc3 fxe3 46. Bxe3 Ne5 47. Bb6 Nc4 48. Bd8 Kc5 49. g4 Kd5 50. gxh5 gxh5 51. f4 Kc5 52. f5 Kd5 53. f6 Nd6 54. Bxa5 Ne4+ 55. Kd3 Nxf6 56. Bd8 Nd7 57. Ke3 Ne5 58. a5 h4 59. Kf4 Nc4 60. Kg4 Ne3+ 61. Kxh4 Kc6 62. Kg5 Ng2 63. Bb6 Kb5 64. Kg4 Ka6 65. Kg3 Ne1 66. h4 Nd3 67. h5 Ne5 68. Kf4 Nf7 69. Kf5 Nd6+ 70. Kg6 Nc4 71. Bd4 Ne5+ 72. Bxe5 1-0


[Site "https://www.chess.com"]

[Event "Titled Tuesday Blitz January 10 Late 2023"]
[White "Mosadeghpour, Masoud"]
[Black "Paszewski, Mateusz"]
[WhiteFideId "12519278"]
[BlackFideId "1141058"]
[WhiteElo "2472"]
[BlackElo "2279"]
[Result "1-0"]
[Round "04"]
[TimeControl "180+2"]
[Date "2023.01.10"]
[WhiteClock "0:01:53"]
[BlackClock "0:00:04"]

1. e4 c5 2. d4 cxd4 3. c3 Nf6 4. e5 Nd5 5. Nf3 Nc6 6. Bc4 Nb6 7. Bb3 d5 8. exd6 Qxd6 9. O-O Be6 10. Na3 dxc3 11. Qe2 Bxb3 12. axb3 e6 13. Nb5 Qb8 14. g3 Nd5 15. bxc3 Be7 16. c4 Nf6 17. Bf4 Qc8 18. Nc7+ Kf8 19. Nxa8 Qxa8 20. Ne5 h5 21. Nxc6 bxc6 22. Qf3 h4 23. Ra6 hxg3 24. hxg3 Qb7 25. Qxc6 Qxb3 26. Rxa7 g5 27. Bxg5 Qd3 28. Rxe7 Qh7 29. Rd1 Qh2+ 30. Kf1 Qh1+ 31. Qxh1 Rxh1+ 32. Ke2 Rxd1 33. Bxf6 1-0


[Site "https://www.chess.com"]

[Event "Titled Tuesday Blitz January 10 Late 2023"]
[White "Tari, Aryan"]
[Black "Fiorito, Joaquin"]
[WhiteFideId "1510045"]
[BlackFideId "180173"]
[WhiteElo "2642"]
[BlackElo "2405"]
[Result "0-1"]
[Round "04"]
[TimeControl "180+2"]
[Date "2023.01.10"]
[WhiteClock "0:00:02"]
[BlackClock "0:00:29"]

1. b3 d5 2. Bb2 c5 3. e3 Nf6 4. Nf3 Nc6 5. Bb5 Bd7 6. c4 a6 7. Bxc6 Bxc6 8. Ne5 Rc8 9. O-O e6 10. Nc3 Be7 11. d3 O-O 12. e4 dxe4 13. Nxc6 Rxc6 14. dxe4 Qc7 15. Qe2 Bd6 16. g3 Be5 17. f4 Bd4+ 18. Kg2 Qa5 19. Rac1 b5 20. e5 Nd7 21. Rc2 bxc4 22. Qxc4 Nb6 23. Qe2 c4 24. b4 Qxb4 25. Qe4 Bxc3 26. Bxc3 Qb5 27. Rd1 Nd5 28. f5 Rd8 29. Rcd2 Re8 30. f6 g6 31. Rxd5 exd5 32. Qe3 Rxf6 33. Qd4 Rfe6 34. Qf4 Qc6 35. Bd4 c3 36. Rc1 c2 37. Qd2 Rc8 38. Kh3 Qc4 39. Qf2 Qd3 40. Kh4 Rc4 41. g4 Qxd4 42. Qe2 Rxe5 0-1


[Site "https://www.chess.com"]

[Event "Titled Tuesday Blitz January 10 Late 2023"]
[White "Jones, Gawain C B"]
[Black "Ju, Wenjun"]
[WhiteFideId "409561"]
[BlackFideId "8603006"]
[WhiteElo "2618"]
[BlackElo "2550"]
[Result "1-0"]
[Round "04"]
[TimeControl "180+2"]
[Date "2023.01.10"]
[WhiteClock "0:00:02"]
[BlackClock "0:00:03"]

1. c4 Nf6 2. Nc3 e5 3. g3 Nc6 4. Bg2 g6 5. e4 Bg7 6. Nge2 O-O 7. O-O d6 8. d3 a5 9. Bg5 h6 10. Bxf6 Bxf6 11. Nd5 Bg7 12. Rb1 Be6 13. a3 Nd4 14. Nxd4 exd4 15. Nf4 Bd7 16. b4 axb4 17. axb4 c6 18. b5 Qa5 19. bxc6 bxc6 20. Rb7 Ra7 21. Qb3 Rfa8 22. h4 Be5 23. Bh3 Be8 24. Rxa7 Qxa7 25. Ne2 Qa2 26. Qb7 Ra7 27. Qb6 Ra6 28. Qb7 Ra7 29. Qc8 Ra8 30. Qg4 h5 31. Qf3 Qd2 32. Nf4 Ra3 33. Rd1 Qc2 34. Qe2 Qxe2 35. Nxe2 c5 36. f4 Bf6 37. Kf2 Ba4 38. Rd2 Bd8 39. Nc1 Ba5 40. Ra2 Bb4 41. Bf1 Rxa2+ 42. Nxa2 Bd2 43. Ke2 Be3 44. Bh3 Kf8 45. Nc3 dxc3 46. Kxe3 Ke7 47. e5 dxe5 48. fxe5 f6 49. exf6+ Kxf6 50. Bc8 Ke5 51. Ba6 Bd7 52. Bb7 Bf5 53. Bd5 Bg4 54. Be4 Bf5 55. Bf3 Kd6 56. Bd1 Kc7 57. Bc2 Kb6 58. Ke2 Ka5 59. Kd1 Kb4 60. Kc1 Bg4 61. Kb1 Bf5 62. Kc1 Ka3 63. d4 1-0


[Site "https://www.chess.com"]

[Event "Titled Tuesday Blitz January 10 Late 2023"]
[White "Melkumyan, Hrant"]
[Black "Sargsyan, Anna M."]
[WhiteFideId "13302485"]
[BlackFideId "13308130"]
[WhiteElo "2645"]
[BlackElo "2375"]
[Result "1-0"]
[Round "04"]
[TimeControl "180+2"]
[Date "2023.01.10"]
[WhiteClock "0:00:18"]
[BlackClock "0:00:03"]

1. d4 d5 2. c4 c6 3. Nc3 Nf6 4. e3 e6 5. Nf3 Nbd7 6. Qc2 Bd6 7. Bd3 dxc4 8. Bxc4 b5 9. Bd3 Bb7 10. e4 e5 11. dxe5 Nxe5 12. Nxe5 Bxe5 13. Be3 Qe7 14. h3 a6 15. f4 Bxc3+ 16. bxc3 c5 17. e5 c4 18. Be2 Nd5 19. Bd2 Qh4+ 20. Kd1 Nxf4 21. Qf5 Rd8 22. Rf1 g5 23. Bf3 Bxf3+ 24. Rxf3 O-O 25. Kc2 Ne6 26. Raf1 h6 27. g3 Qh5 28. g4 Qg6 29. Qxg6+ fxg6 30. Rf6 Kg7 31. Bc1 Nc5 32. Ba3 Nd7 33. Bxf8+ Nxf8 34. e6 Kg8 35. e7 1-0


[Site "https://www.chess.com"]

[Event "Titled Tuesday Blitz January 10 Late 2023"]
[White "Golubev, Mikhail"]
[Black "Svane, Frederik"]
[WhiteFideId "14100983"]
[BlackFideId "12923044"]
[WhiteElo "2461"]
[BlackElo "2600"]
[Result "0-1"]
[Round "04"]
[TimeControl "180+2"]
[Date "2023.01.10"]
[WhiteClock "0:00:04"]
[BlackClock "0:00:05"]

1. e4 c5 2. Nf3 e6 3. d4 cxd4 4. Nxd4 Nc6 5. Nc3 a6 6. Be3 Nf6 7. Bd3 d6 8. f4 Be7 9. Qf3 e5 10. Nf5 Bxf5 11. exf5 d5 12. O-O-O O-O 13. fxe5 Nxe5 14. Qg3 Bd6 15. Bg5 h6 16. Bxf6 Qxf6 17. Nxd5 Nxd3+ 18. Qxd3 Qg5+ 19. Kb1 Rad8 20. f6 gxf6 21. h4 Qg6 22. Qf3 Kg7 23. Ne3 Kh8 24. Nf5 Be5 25. g4 Rxd1+ 26. Rxd1 Rg8 27. Qe3 h5 28. Ne7 Qh7 29. Nxg8 Kxg8 30. g5 Qf5 31. gxf6 Bxf6 32. Qh6 Qg4 33. Rf1 Bg7 34. Qf4 Qg2 35. a3 Qd5 36. Qf5 Qc4 37. Rd1 Qxh4 38. Rd7 Qf6 39. Qxf6 Bxf6 40. Rxb7 h4 41. Rb3 Kg7 42. c4 Kg6 43. Rf3 Kg5 44. c5 Be5 45. Rxf7 h3 46. Rh7 h2 47. b4 Bg3 48. a4 Bh4 49. Rg7+ Kf6 0-1


[Site "https://www.chess.com"]

[Event "Titled Tuesday Blitz January 10 Late 2023"]
[White "Abdrlauf, Elham"]
[Black "Suder, Jakub"]
[WhiteFideId "1533533"]
[BlackFideId "1195310"]
[WhiteElo "2518"]
[BlackElo "2244"]
[Result "1-0"]
[Round "04"]
[TimeControl "180+2"]
[Date "2023.01.10"]
[WhiteClock "0:01:04"]
[BlackClock "0:01:42"]

1. e4 c5 2. Nf3 e6 3. c3 Nf6 4. e5 Nd5 5. Bc4 d6 6. d4 cxd4 7. cxd4 Nb6 8. Bd3 Bd7 9. O-O Bc6 10. Nc3 N8d7 11. Bf4 dxe5 12. dxe5 Nd5 13. Nxd5 Bxd5 14. h4 Be7 15. Ng5 Bxg5 16. hxg5 a6 17. Rc1 Rc8 18. Qh5 Nc5 19. Bb1 Qe7 20. b4 1-0


[Site "https://www.chess.com"]

[Event "Titled Tuesday Blitz January 10 Late 2023"]
[White "Bayo Milagro, Alvaro"]
[Black "Boros, Denes"]
[WhiteFideId "22275240"]
[BlackFideId "722340"]
[WhiteElo "2287"]
[BlackElo "2406"]
[Result "0-1"]
[Round "04"]
[TimeControl "180+2"]
[Date "2023.01.10"]
[WhiteClock "0:00:05"]
[BlackClock "0:00:11"]

1. d4 Nc6 2. Nf3 Nf6 3. d5 Nb8 4. c4 g6 5. Nc3 Bg7 6. e4 O-O 7. Be2 d6 8. O-O c6 9. h3 Na6 10. Qc2 e5 11. Be3 Bd7 12. Rfd1 c5 13. a3 Nh5 14. Ne1 Nf4 15. Bf1 f5 16. Nd3 Nxd3 17. Rxd3 f4 18. Bd2 h5 19. Nb5 Qe7 20. b4 g5 21. f3 g4 22. hxg4 hxg4 23. Kf2 Qh4+ 24. Ke2 Qh2 25. Nxd6 gxf3+ 26. Rxf3 Bg4 27. Qd3 Rf6 28. Nxb7 Rg6 29. Kd1 Bf8 30. d6 Qh7 31. Qd5+ Kh8 32. b5 Be6 33. Qxe5+ Bg7 34. Qxf4 Bxa1 35. bxa6 Rf6 36. Qe3 Bg4 37. Bc3 Bxf3+ 38. gxf3 Bxc3 39. Qxc3 Qg7 40. e5 Rf5 41. f4 Qg4+ 42. Be2 Qxf4 43. e6+ Kg8 44. e7 Rf6 45. Kc2 Rxd6 46. Nxd6 Qxd6 47. Bf3 Qg6+ 48. Kc1 Qg5+ 49. Kc2 Qf5+ 50. Kc1 Re8 51. Bd5+ Kh7 52. Qe3 Qf6 53. Qe4+ Kg7 54. Qg4+ Qg6 55. Qd7 Qg5+ 56. Kc2 Rxe7 57. Qd8 Re2+ 58. Kb3 Re3+ 59. Ka4 Qxd8 0-1


[Site "https://www.chess.com"]

[Event "Titled Tuesday Blitz January 10 Late 2023"]
[White "Kazakouski, Valery"]
[Black "Denishev, Marat"]
[WhiteFideId "13507443"]
[BlackFideId "24131563"]
[WhiteElo "2539"]
[BlackElo "2255"]
[Result "1-0"]
[Round "04"]
[TimeControl "180+2"]
[Date "2023.01.10"]
[WhiteClock "0:00:05"]
[BlackClock "0:00:03"]

1. Nf3 Nf6 2. c4 c5 3. g3 b6 4. Bg2 Bb7 5. O-O e6 6. b3 Be7 7. Bb2 O-O 8. Nc3 d6 9. d3 Nc6 10. e4 d5 11. cxd5 exd5 12. e5 Ne8 13. d4 Nc7 14. Re1 Ne6 15. dxc5 d4 16. Ne4 bxc5 17. Qd2 a5 18. Rec1 a4 19. Ba3 Nb4 20. Re1 d3 21. Bxb4 cxb4 22. Rad1 axb3 23. axb3 Ra3 24. Qb2 Qa5 25. Nfd2 Ra2 26. Qb1 Ba6 27. Bf1 Rd8 28. Re3 Nc5 29. h4 h6 30. h5 Qa3 31. Qc1 Qxc1 32. Rxc1 Ne6 33. Rd1 Nd4 34. Nc4 Bxc4 35. bxc4 Ne2+ 36. Kg2 b3 37. Rexd3 Rxd3 38. Rxd3 Nc1 39. Rd7 b2 40. Nd2 Bb4 41. Rd8+ Kh7 42. Nb1 Ra1 43. Rb8 Rxb1 44. Rxb4 g6 45. Rb7 Kg7 46. e6 Kf6 47. exf7 Kg7 48. hxg6 Na2 49. c5 Rc1 50. Rxb2 Nc3 51. Rb8 Ne4 52. f8=Q+ Kxg6 53. Bd3 1-0


[Site "https://www.chess.com"]

[Event "Titled Tuesday Blitz January 10 Late 2023"]
[White "Fisher_TheGalactic"]
[Black "Putnam, Liam"]
[BlackFideId "30938279"]
[WhiteElo "2556"]
[BlackElo "2285"]
[Result "0-1"]
[Round "04"]
[TimeControl "180+2"]
[Date "2023.01.10"]
[WhiteClock "0:01:12"]
[BlackClock "0:00:22"]

1. Nf3 Nf6 2. g3 g6 3. Bg2 Bg7 4. O-O O-O 5. d3 d5 6. Nbd2 Nc6 7. e4 e5 8. exd5 Nxd5 9. Nc4 Re8 10. Re1 a5 11. c3 Bf5 12. Nh4 Be6 13. Ne3 Qd7 14. Nxd5 Bxd5 15. Be3 Rad8 16. Bg5 f6 17. Be3 Bxg2 18. Nxg2 Qxd3 19. Qb3+ Qd5 20. Qxb7 Rb8 21. Qxc7 Re7 22. Rad1 Qxg2+ 23. Kxg2 Rxc7 24. Rd5 Rxb2 25. Rc5 Bf8 26. Rc4 Rbb7 27. Rd1 Ne7 28. Rxc7 Rxc7 29. Rd8 Kf7 30. Ra8 Nd5 31. Bd2 Nxc3 32. Rxa5 Ne4 33. Be1 Rc1 34. Ra7+ Ke6 35. Ba5 Rc2 36. Ra6+ Bd6 37. Bb6 Kd5 38. Be3 Bc5 39. Bxc5 Kxc5 40. Kf3 Ng5+ 41. Kg2 f5 42. Ra7 Kb6 43. Re7 e4 44. h4 Nf3 45. Rxh7 Rc1 46. Rg7 Rg1+ 47. Kh3 Ne5 48. Kh2 Ra1 49. Re7 Ng4+ 50. Kg2 Rxa2 51. Re6+ Kc5 52. Rxg6 Rxf2+ 53. Kg1 Rf3 54. Kg2 Kd4 55. h5 Ke3 56. h6 Rf2+ 57. Kg1 Kf3 58. h7 Rg2+ 59. Kf1 Ne3+ 60. Ke1 Re2# 0-1


[Site "https://www.chess.com"]

[Event "Titled Tuesday Blitz January 10 Late 2023"]
[White "Manukyan, Sargis A."]
[Black "Nogerbek, Kazybek"]
[WhiteFideId "13303970"]
[BlackFideId "13710427"]
[WhiteElo "2158"]
[BlackElo "2474"]
[Result "0-1"]
[Round "04"]
[TimeControl "180+2"]
[Date "2023.01.10"]
[WhiteClock "0:00:02"]
[BlackClock "0:00:09"]

1. d4 g6 2. c4 Bg7 3. Nc3 d6 4. Nf3 Nc6 5. Bf4 Bg4 6. e3 e5 7. dxe5 Nxe5 8. Be2 Bxf3 9. Bxf3 c6 10. Be2 Nf6 11. h3 O-O 12. O-O Qe7 13. Qc2 Nfd7 14. Rfd1 Nc5 15. b4 Ne6 16. Bg3 f5 17. Rab1 f4 18. exf4 Nxf4 19. Bf1 Kh8 20. Ne4 Rad8 21. c5 d5 22. Nd6 Qg5 23. Nxb7 Rd7 24. Nd6 Nh5 25. Bxe5 Bxe5 26. Re1 Qf4 27. g3 Qg5 28. Rb3 Bd4 29. Re8 Rxe8 30. Nxe8 Rf7 31. Nd6 Rxf2 32. Qxf2 Bxf2+ 33. Kxf2 Qd2+ 34. Be2 Nf6 35. a3 a5 36. Re3 axb4 37. axb4 Qxb4 38. Nf7+ Kg7 39. Ng5 Ne4+ 40. Nxe4 dxe4 41. g4 Qxc5 42. Bf1 g5 43. Bg2 Kf6 44. Bxe4 Ke5 45. Kf3 Kf6 46. Bxh7 Qd5+ 47. Be4 Qd1+ 48. Kf2 c5 49. Bf5 c4 50. Re6+ Kf7 51. Rc6 Qd2+ 52. Kf3 c3 53. Rc7+ Kf6 54. Rc6+ Ke5 55. Rc8 Qf4+ 56. Kg2 Kd4 57. Rd8+ Ke3 58. Re8+ Kd2 59. Rd8+ Kc1 60. Rc8 Qd2+ 61. Kg3 Qd6+ 62. Kg2 Qb4 63. Kg3 Kd2 64. Rd8+ Ke1 65. Re8+ Kd1 66. Rd8+ Kc1 67. Rc8 Qd4 68. Kg2 Kd2 69. Kg3 Ke1 70. Kg2 Qf2+ 71. Kh1 Qf3+ 72. Kh2 Kf2 73. Be4 Qg3+ 74. Kh1 Qg1# 0-1


[Site "https://www.chess.com"]

[Event "Titled Tuesday Blitz January 10 Late 2023"]
[White "Yuan, Qingyu"]
[Black "Mendez Fortes, Eduardo Jesus"]
[WhiteFideId "8609772"]
[BlackFideId "3502376"]
[WhiteElo "2373"]
[BlackElo "2250"]
[Result "1-0"]
[Round "04"]
[TimeControl "180+2"]
[Date "2023.01.10"]
[WhiteClock "0:00:40"]
[BlackClock "0:00:30"]

1. e4 e5 2. Nf3 Nc6 3. Bb5 Nf6 4. d3 Bc5 5. Bxc6 dxc6 6. Nbd2 Nd7 7. Nc4 O-O 8. O-O f6 9. Nh4 Nb6 10. Be3 Nxc4 11. Bxc5 Nd6 12. Kh1 b6 13. Be3 c5 14. a4 a5 15. b3 Be6 16. g4 Qd7 17. Rg1 g5 18. Nf5 Bxf5 19. gxf5 Kh8 20. Rg3 Nf7 21. Qh5 Rg8 22. Rag1 Rg7 23. h4 Rag8 24. hxg5 fxg5 25. Bxg5 Qd6 26. Bh4 Rxg3 27. Rxg3 Rxg3 28. Bxg3 Kg7 29. Kg2 Nd8 30. Bh4 Nc6 31. f6+ Kg8 32. Qg4+ Kf7 33. Qg7+ Ke8 34. f7+ 1-0


[Site "https://www.chess.com"]

[Event "Titled Tuesday Blitz January 10 Late 2023"]
[White "Janaszak, Dawid"]
[Black "Maksimovic, Bojan"]
[WhiteFideId "1119206"]
[BlackFideId "14408120"]
[WhiteElo "2316"]
[BlackElo "2486"]
[Result "1-0"]
[Round "04"]
[TimeControl "180+2"]
[Date "2023.01.10"]
[WhiteClock "0:00:04"]
[BlackClock "0:00:04"]

1. e4 g6 2. Nc3 Nf6 3. e5 Nh5 4. Bc4 d6 5. Qf3 e6 6. g4 Ng7 7. d4 Nc6 8. Bb5 Bd7 9. Nge2 a6 10. Ne4 Be7 11. Nf6+ Bxf6 12. exf6 axb5 13. fxg7 Rg8 14. Bh6 Nb4 15. Qb3 Qh4 16. Bd2 Nd5 17. O-O-O Rxg7 18. f3 h5 19. h3 Rh7 20. Nf4 Nxf4 21. Bxf4 hxg4 22. fxg4 Bc6 23. Rhe1 Qxh3 24. Rxe6+ Kd7 25. Re3 Qxg4 26. Rf1 Rh1 27. Rxh1 Bxh1 28. Qxf7+ Kc6 29. Rc3+ Kb6 30. Qxc7+ Ka7 31. Ra3# 1-0


[Site "https://www.chess.com"]

[Event "Titled Tuesday Blitz January 10 Late 2023"]
[White "Andreev, Eduard"]
[Black "Tan, Zhongyi"]
[WhiteFideId "14103400"]
[BlackFideId "8603642"]
[WhiteElo "2413"]
[BlackElo "2517"]
[Result "1/2-1/2"]
[Round "04"]
[TimeControl "180+2"]
[Date "2023.01.10"]
[WhiteClock "0:00:16"]
[BlackClock "0:00:07"]

1. e4 e5 2. Nf3 Nc6 3. d4 exd4 4. Nxd4 Nf6 5. Nxc6 bxc6 6. e5 Qe7 7. Qe2 Nd5 8. h4 a5 9. c4 Nb6 10. Nd2 a4 11. Rh3 Qe6 12. Rg3 Ba6 13. b3 g6 14. Bb2 Bb4 15. O-O-O axb3 16. axb3 O-O 17. Ne4 d5 18. exd6 f5 19. Nf6+ Rxf6 20. Re3 Qf7 21. Re7 Qf8 22. Qe5 Bxd6 23. Qxf6 Qxf6 24. Bxf6 Bxe7 25. Bxe7 Bb7 26. Rd8+ Kf7 27. Rxa8 Nxa8 28. Bd8 c5 29. f3 Ke6 30. Kc2 Kd7 31. Bg5 Nb6 32. Kc3 Ke6 33. Be2 Nd7 34. Be3 Kd6 35. Bf4+ Kc6 36. Bd3 Nf6 37. Be5 Nd7 38. Bg7 Bc8 39. g4 Nb6 40. h5 fxg4 41. fxg4 Bxg4 42. hxg6 hxg6 43. Bxg6 Nd7 44. Bh7 Kd6 45. Be4 Be6 46. Bh6 Nb6 47. Bf8+ Kd7 48. Bxc5 Nc8 49. Kd4 Nd6 50. Bd5 Bxd5 51. Kxd5 Nb7 52. Bb4 c6+ 53. Kd4 Kc7 54. Bf8 Kb6 55. b4 c5+ 56. Bxc5+ Nxc5 57. bxc5+ Kc6 58. Kd3 Kxc5 59. Kc3 Kc6 60. Kd4 Kd6 61. c5+ Kc6 62. Kc4 Kc7 63. Kd4 Kc6 64. Kc4 Kc7 65. Kb5 Kb7 66. c6+ Kc7 67. Kc5 Kc8 68. Kb6 Kb8 69. c7+ Kc8 70. Kc6 1/2-1/2


[Site "https://www.chess.com"]

[Event "Titled Tuesday Blitz January 10 Late 2023"]
[White "Nasuta, Grzegorz"]
[Black "Aggelis, Nikolaos"]
[WhiteFideId "1141686"]
[BlackFideId "4213220"]
[WhiteElo "2552"]
[BlackElo "2270"]
[Result "0-1"]
[Round "04"]
[TimeControl "180+2"]
[Date "2023.01.10"]
[WhiteClock "0:00:01"]
[BlackClock "0:00:28"]

1. e4 c6 2. d4 d5 3. Nc3 g6 4. e5 h5 5. Bg5 Bh6 6. Qd2 Bxg5 7. Qxg5 e6 8. Qd2 a6 9. Nf3 c5 10. dxc5 Nc6 11. O-O-O Qa5 12. Qe3 Nh6 13. h3 Nf5 14. Qg5 Qxc5 15. Qf6 Rf8 16. Bd3 Qe7 17. Qxe7+ Ncxe7 18. g4 Ng7 19. Ng5 Bd7 20. Nh7 Rh8 21. Nf6+ Kd8 22. Nce4 Kc7 23. Ng5 Raf8 24. c3 Bb5 25. Bxb5 axb5 26. f4 Ng8 27. Nfh7 Ra8 28. Kb1 Nh6 29. Nf6 Ra4 30. Rd4 Rc4 31. Rc1 Kb6 32. b3 Rc7 33. Rb4 Rhc8 34. Kb2 Ne8 35. Nxe8 Rxe8 36. a4 hxg4 37. Rxb5+ Ka7 38. hxg4 Nxg4 39. Rh1 Ne3 40. Re1 Nf5 41. Rh1 Ne3 42. Re1 Nf5 43. Rb4 Rec8 44. Rc1 Rh8 0-1


[Site "https://www.chess.com"]

[Event "Titled Tuesday Blitz January 10 Late 2023"]
[White "Sielecki, Christof"]
[Black "Goltsev, Dmitry"]
[WhiteFideId "4620437"]
[BlackFideId "24176710"]
[WhiteElo "2419"]
[BlackElo "2269"]
[Result "0-1"]
[Round "04"]
[TimeControl "180+2"]
[Date "2023.01.10"]
[WhiteClock "0:00:03"]
[BlackClock "0:00:47"]

1. e4 e6 2. d4 d5 3. Nd2 c5 4. Ngf3 Nf6 5. exd5 exd5 6. Bb5+ Nc6 7. O-O Be7 8. dxc5 Bxc5 9. Re1+ Be6 10. Nb3 Bb6 11. Nbd4 O-O 12. Bxc6 bxc6 13. Nxc6 Qd6 14. Ncd4 Ne4 15. c3 Bg4 16. h3 Bd7 17. Be3 Qg6 18. Ne5 Qd6 19. Nxd7 Qxd7 20. Qf3 f5 21. Rad1 f4 22. Bc1 Rae8 23. Qg4 Qf7 24. f3 Ng3 25. Rxe8 Rxe8 26. Kh2 Bc7 27. Bd2 Qf6 28. Qd7 Qf7 29. Qxf7+ Kxf7 30. Kg1 Bb6 31. Be1 Bxd4+ 32. cxd4 Nf5 33. Bf2 Re2 34. Re1 Rxb2 35. Re5 Ne7 36. Bh4 Ng6 37. Rh5 Rxa2 38. Bf2 a5 39. Rxd5 a4 40. Ra5 a3 41. d5 Ne5 42. Ra7+ Ke8 43. d6 Kd8 44. Bb6+ Kc8 45. Rc7+ Kb8 46. Re7 Rd2 47. Rxe5 a2 0-1


[Site "https://www.chess.com"]

[Event "Titled Tuesday Blitz January 10 Late 2023"]
[White "Richter, Paul"]
[Black "Karacsonyi, Gellert"]
[WhiteFideId "2046350"]
[BlackFideId "764620"]
[WhiteElo "2171"]
[BlackElo "2385"]
[Result "1-0"]
[Round "04"]
[TimeControl "180+2"]
[Date "2023.01.10"]
[WhiteClock "0:00:07"]
[BlackClock "0:00:20"]

1. e4 c5 2. Nf3 Nc6 3. d4 cxd4 4. Nxd4 g6 5. Nc3 Bg7 6. Be3 Nf6 7. Nxc6 bxc6 8. e5 Ng8 9. Bd4 Qa5 10. Bc4 Qb4 11. Bb3 Nh6 12. a3 Qa5 13. e6 O-O 14. exd7 Ba6 15. Bxg7 Kxg7 16. Qd2 Qe5+ 17. Qe3 Qxe3+ 18. fxe3 Ng4 19. Ne4 Nxe3 20. Nc5 Bc4 21. Bxc4 Nxc4 22. Nb7 Ne3 23. Ke2 Nxg2 24. d8=Q Rfxd8 25. Nxd8 Rxd8 26. Rad1 Rb8 27. b3 Nf4+ 28. Kf3 Nd5 29. Rd3 f5 30. c4 Nf6 31. b4 e5 32. Rd6 e4+ 33. Ke2 Rc8 34. Rhd1 f4 35. Re6 f3+ 36. Ke3 Ng4+ 37. Kf4 Rf8+ 38. Kxg4 f2 39. Rf1 Rf3 40. Rxe4 Rxa3 41. Rxf2 h5+ 42. Kf4 Rh3 43. Ke5 Rb3 44. c5 Rd3 45. Rd4 Re3+ 46. Kd6 a5 47. bxa5 Ra3 48. Kxc6 Rxa5 49. Kb6 Ra3 50. c6 Rb3+ 51. Kc7 Rc3 52. Kd7 Kh6 53. c7 Re3 54. c8=Q Kg5 55. Qd8+ Kh6 56. Qh8+ Kg5 57. Qf6+ Kh6 58. Qf4+ g5 59. Qxe3 h4 60. Rf6+ 1-0


[Site "https://www.chess.com"]

[Event "Titled Tuesday Blitz January 10 Late 2023"]
[White "Tanenbaum, Zachary"]
[Black "Przybylski, Wojciech"]
[WhiteFideId "2060850"]
[BlackFideId "1117599"]
[WhiteElo "2261"]
[BlackElo "2321"]
[Result "1-0"]
[Round "04"]
[TimeControl "180+2"]
[Date "2023.01.10"]
[WhiteClock "0:00:37"]
[BlackClock "0:00:01"]

1. e4 e5 2. Nf3 Nc6 3. Bc4 Nf6 4. d3 Be7 5. O-O O-O 6. Re1 d6 7. a4 Na5 8. Ba2 c5 9. Nbd2 Be6 10. Bxe6 fxe6 11. c3 Nc6 12. Nc4 Qd7 13. h3 Rae8 14. Be3 Bd8 15. Qc2 Kh8 16. d4 cxd4 17. cxd4 exd4 18. Nxd4 Bc7 19. Nb5 Bb8 20. Nbxd6 Bxd6 21. Rad1 Nd5 22. exd5 exd5 23. Nxd6 Qxd6 24. Bc5 Qd7 25. Bxf8 Rxf8 26. Qc5 Rd8 27. Rxd5 Qc8 28. Rxd8+ Qxd8 29. Qe3 Kg8 30. Qe6+ Kf8 31. Re4 g5 32. Qh6+ Kg8 33. Rg4 Qd1+ 34. Kh2 Ne7 35. Qxg5+ Ng6 36. Qc5 Qd7 37. Qxa7 Qc7+ 38. Rg3 h5 39. h4 Kh7 40. Qe3 Nf4 41. Qe4+ Kh8 42. Qd4+ Kh7 43. Qc3 1-0


[Site "https://www.chess.com"]

[Event "Titled Tuesday Blitz January 10 Late 2023"]
[White "Djordjevic, Vuk"]
[Black "Martinez, Marcel"]
[WhiteFideId "902098"]
[BlackFideId "2016249"]
[WhiteElo "2375"]
[BlackElo "2402"]
[Result "1-0"]
[Round "04"]
[TimeControl "180+2"]
[Date "2023.01.10"]
[WhiteClock "0:00:07"]
[BlackClock "0:00:09"]

1. d4 Nf6 2. Bg5 d5 3. Bxf6 exf6 4. e3 Bd6 5. c4 dxc4 6. Bxc4 O-O 7. Nc3 f5 8. Nf3 Nd7 9. O-O Nf6 10. Qc2 c6 11. Rfe1 Re8 12. Rad1 Ne4 13. Ne5 Bxe5 14. dxe5 Qh4 15. g3 Qh5 16. Nxe4 fxe4 17. Qxe4 Bg4 18. Rd4 Be6 19. Bxe6 Rxe6 20. f4 Rh6 21. Rd2 Re8 22. Qc4 Qf3 23. Qe2 Qe4 24. Qg2 Qc4 25. b3 Qb4 26. Red1 f6 27. Rd8 Qe7 28. Rxe8+ Qxe8 29. Qe4 fxe5 30. f5 Rf6 31. g4 Rf7 32. Qc4 Kh8 33. Qxf7 Qf8 34. Rd2 Qxf7 35. Rd8+ Qg8 36. Rxg8+ Kxg8 37. h4 Kf7 38. g5 c5 39. Kf2 b5 40. Kf3 Ke7 41. Ke4 Kd6 42. h5 h6 43. f6 1-0


[Site "https://www.chess.com"]